Unix NetHack Version 5.0.0-0 post-release - last build Jun 10 2026 00:39:30 (3ee93aec679c4c4259841fe613dc97188e26a321,branch:main).

Game began 2026-07-09 23:06:52, ended 2026-07-10 19:50:55.

Calendula, neutral female human Wizard

                                     -------
                                     |.....|
   -----                            #......|           --------------
   |...|      #######################|.....|     ######-............|
   |$..|      #----------------   ###......|    ##     |............|
   |/..|      #|..............|####` -|-----           |............|
   |...|      #.....[.........|#      #                ----.----.----
   |...|#######|..............|#      #                   ##    ###
   |...|#     #----------------#      #                   #       #
   -.---      #       ##########      #                   #       ###
    ##        #       #           #)#####                 #         #
     ###      #     ###              -.-|-#####################     #
              #   ###                |....#    -----------.---#     #
    ----------#  ##                  |...|#####..............|#     ####
    |@:.......#                      |...|#    |.............|#   -----.----
    |..(....{|                       -----#    |...........>.|####..<......|
    |........|                         ####    |.............|    |........|
    ----------                                 |.............|    |........|
                                               ---------------    ----------

Calendula the Conjurer    St:13 Dx:13 Co:13 In:18 Wi:9 Ch:12  Neutral
Dlvl:5  $:87 HP:0(31) Pw:18(37) AC:4  Xp:5 T:3556 

Latest messages:
 M - a looking glass.
 n - a yellowish brown gem.
 There is a water nymph corpse here; eat it? [ynq] (n) y
 This water nymph corpse tastes terrible!
 You finish eating the water nymph corpse.
 You feel very jumpy.
 What do you want to wear? [H or ?*] H
 You finish your dressing maneuver.
 The leprechaun appears close by!
 You materialize in a different location!
 This door is locked.
 This door is locked.
 This door is locked.
 This door is locked.
 You don't have enough energy to cast that spell.
 This door is locked.
 You don't have enough energy to cast that spell.
 This door is locked.
 This door is locked.
 This door is locked.
 In what direction? 8
 Thwack!!
 In what direction? 8
 As you kick the door, it crashes open!
 You don't have enough energy to cast that spell.
 You hit the floating eye.
 Your hands stop glowing red.
 The floating eye appears confused.
 You are frozen by the floating eye's gaze!
 You materialize in a different location!
 You materialize in a different location!
 The iguana bites!
 The iguana bites!
 The iguana bites!
 The iguana bites!
 The iguana bites!
 The iguana bites!
 The iguana bites!
 The iguana bites!
 The iguana bites!
 The iguana bites!
 The iguana bites!
 The iguana bites!
 The iguana bites!
 You die...
 Do you want your possessions identified? [ynq] (y) y
 Do you want to see your attributes? [ynq] (y) n
 Do you want an account of creatures vanquished? [ynaq] (y) n
 Do you want to see your conduct and achievements? [ynq] (y) n
 Do you want to see the dungeon overview? [ynq] (y) n

Inventory:
 Coins    ('$')
  $ - 87 gold pieces
 Amulets  ('"')
  u - an uncursed amulet of life saving
 Weapons  (')')
  a - a blessed +1 quarterstaff (weapon in hands)
 Armor    ('[')
  q - an uncursed +0 orcish helm (being worn)
  H - an uncursed +1 pair of iron shoes (being worn)
  b - an uncursed +1 cloak of magic resistance (being worn)
 Comestibles  ('%')
  B - 2 uncursed food rations
  D - 3 uncursed food rations
  F - an uncursed lembas wafer
  E - 2 uncursed tripe rations
  G - an uncursed tin of smoked rock mole meat
 Scrolls  ('?')
  i - 2 uncursed scrolls of light
 Spellbooks  ('+')
  l - an uncursed spellbook of chain lightning
 Potions  ('!')
  K - an uncursed potion of healing
  L - 2 cursed potions of healing
  h - an uncursed potion of monster detection
  f - an uncursed potion of object detection
 Rings    ('=')
  e - an uncursed ring of cold resistance
  d - an uncursed ring of polymorph
 Wands    ('/')
  c - a wand of cold (0:6)
 Tools    ('(')
  o - an uncursed leash
  m - a magic marker (0:20)
  M - an uncursed mirror
  r - a +0 pick-axe
 Gems/Stones  ('*')
  w - a cursed jasper stone
  n - an uncursed topaz stone

Calendula the Wizard's attributes:

Background:
 You were a Conjurer, a level 5 female human Wizard.
 You were neutral, on a mission for Thoth
 who was opposed by Ptah (lawful) and Anhur (chaotic).
 You were right-handed.
 You were in the Dungeons of Doom, on level 5.
 You entered the dungeon 3556 turns ago.
 You had 263 experience points, 57 more were needed to attain level 6.

Basics:
 You had 0 out of 31 hit points.
 You had 18 out of 37 energy points (spell power).
 Your armor class was 4.
 Your wallet contained 87 zorkmids.
 Autopickup was off.

Final Characteristics:
 Your strength was 13 (limit:18/100).
 Your dexterity was 13 (limit:18).
 Your constitution was 13 (limit:18).
 Your intelligence was 18 (limit:18).
 Your wisdom was 9 (limit:18).
 Your charisma was 12 (limit:18).

Final Status:
 You weren't hungry.
 You were unencumbered.
 You were wielding a quarterstaff.
 You had basic skill with quarterstaff.

Final Attributes:
 You were piously aligned.
 You were magic-protected.
 You could teleport.
 You were warded.
 You were unlucky.
 You are dead.

Miscellaneous:
 You didn't encounter any bones levels.
 Total elapsed playing time was 1 hour, 1 minute and 8 seconds.

Major events:
 Turn
    1: Calendula the neutral female human Wizard entered the dungeon
 1093: attained the rank of Conjurer (level 3)
 3556: killed by an iguana, while frozen by a floating eye's gaze

Spells:
 Name                 Level Category     Fail Retention
 force bolt             1   attack         0%   81%-90%
 chain lightning        2   attack         0%   81%-90%

Skills:
 Fighting Skills
   bare handed combat [Unskilled]
   riding             [Unskilled]
 Weapon Skills
   dagger             [Unskilled]
   knife              [Unskilled]
   axe                [Unskilled]
   short sword        [Unskilled]
   club               [Unskilled]
   mace               [Unskilled]
   quarterstaff       [Basic]
   polearms           [Unskilled]
   spear              [Unskilled]
   trident            [Unskilled]
   sling              [Unskilled]
   dart               [Unskilled]
   shuriken           [Unskilled]
 Spellcasting Skills
   attack spells      [Basic]
   healing spells     [Unskilled]
   divination spells  [Unskilled]
   enchantment spells [Basic]
   clerical spells    [Unskilled]
   escape spells      [Unskilled]
   matter spells      [Unskilled]

Voluntary challenges:
 Character rerolling was not enabled.
 You never genocided any monsters.
 You never polymorphed an object.
 You never changed form.
 You used no wishes.
Achievements:
 You entered a shop.
 You attained the rank of Conjurer.

 The Dungeons of Doom: levels 1 to 5
    Level 1:
       Some fountains.
    Level 2:
       A general store.
    Level 3:
    Level 4:
       A food shop, a fountain, a grave.
    Level 5: <- You were here.
       A fountain.
       Final resting place for
          you, killed by an iguana, while frozen by a floating eye's gaze.


Vanquished creatures:
  2 water nymphs
  a shrieker
  a violet fungus
  2 gnome leaders
  a kitten
  a dwarf
  a kobold shaman
  5 rothes
  a centipede
  2 dwarf zombies
 an acid blob
  a gas spore
  2 hobbits
  4 manes
  a yellow mold
  a green mold
  2 geckos
  4 jackals
  3 kobolds
  2 goblins
  3 sewer rats
  4 grid bugs
  a bat
  3 lichens
  2 kobold zombies
  5 newts
56 creatures vanquished.

No species were genocided or became extinct.

Game over:
                       ----------
                      /          \
                     /    REST    \
                    /      IN      \
                   /     PEACE      \
                  /                  \
                  |    Calendula     |
                  |      87 Au       |
                  |   killed by an   |
                  |      iguana      |
                  |                  |
                  |                  |
                  |       2026       |
                 *|     *  *  *      | *
        _________)/\\_//(\/(/\)/\//\/|_)_______

Goodbye Calendula the Wizard...

You died in The Dungeons of Doom on dungeon level 5 with 1371 points,
and 87 pieces of gold, after 3556 moves.
You were level 5 with a maximum of 31 hit points when you died.

